 Dungeon Crawl Stone Soup version 0.32-a0-656-g3542139ebd (webtiles) character file.

Game seed: 5823568392221616857

35 ytrimaz the Insei (level 3, -1/27 HPs)
             Began as a Demigod Shapeshifter on Mar 8, 2024.
             Killed from afar by Natasha (6 damage)
             ... with a puff of flame
             ... on level 2 of the Dungeon.
             The game lasted 00:01:07 (918 turns).

ytrimaz the Insei (Demigod Shapeshifter)             Turns: 918, Time: 00:01:07

Health: -1/27      AC:  2    Str: 15    XL:     3   Next: 4%
Magic:  5/5        EV: 12    Int: 12    God:
Gold:   50         SH:  0    Dex: 17    Spells: 2/2 levels left

rFire   . .          .
                       - Unarmed
rCold   . . .        (no shield)
rNeg    . . .        a - +0 animal skin
rPois   .            (helmet currently unavailable)
rElec   .            (cloak currently unavailable)
rCorr   .            (gloves currently unavailable)
SInv    +            (boots currently unavailable)
Will    .....        (no amulet)
Stlth   ++           j - ring of see invisible
HPRegen 0.24/turn    (no ring)
MPRegen 0.09/turn

%: no passive effects
@: brilliant, beast-form, invisible
A: beast (slay +1), high MP 1, forlorn, divine attributes
a: Begin Untransformation


You were on level 2 of the Dungeon.
You were a hulking beast.
You visited 1 branch of the dungeon, and saw 2 of its levels.

You collected 50 gold pieces.


Innate Abilities, Weirdness & Mutations

You are a hulking beast.
Your limbs bulge with bestial killing power. (Slay +1)
You have an increased reservoir of magic. (+10% MP)
You shall have no god before yourself.
Your divine heritage dramatically boosts your attributes as you level up.


   Skills:
 - Level 0.8 Fighting
 - Level 1.7 Dodging
 + Level 3.9 Unarmed Combat
 - Level 2.6 Shapeshifting


You had 2 spell levels left.
You didn't know any spells.
Your spell library contained the following spells:

 Spells                   Type           Power      Damage    Failure   Level
 Sting                    Conj/Alch      0%         1d3       32%         1
 Mercury Vapours          Alch/Air       0%         N/A       45%         2
 Hailstorm                Conj/Ice       0%         3d5       69%         3
 Summon Ice Beast         Ice/Summ       0%         N/A       69%         3
 Olgreb's Toxic Radiance  Alch           0%         N/A       97%         4
 Sculpt Simulacrum        Ice/Alch       0%         N/A       100%        6

Inventory:

Armour
 a - a +0 animal skin (worn)
 i - a +0 pair of gloves
   (You found it on level 1 of the Dungeon)
Jewellery
 j - a ring of see invisible (left hand)
   (You found it on level 1 of the Dungeon)
Talismans
 c - a beast talisman (active)
 d - a flux talisman
Potions
 b - a potion of lignification
 h - a potion of degeneration {unknown}
 k - a potion of attraction {unknown}

Dungeon Overview and Level Annotations

Branches:
Dungeon (2/15) Zot: 11081

Annotations:
D:2 Natasha

## .. #.####
#....# #.#
#.# #†# #h#
#h# #.# #.#
#.#
########.#
.......:.##
####..#...#
#..).......#


You could see Natasha.


Message History

Found a stone staircase leading down.
There is a stone staircase leading down here.
You now have 50 gold pieces (gained 15).
There is a stone staircase leading down here.
There is a stone staircase leading down here.
Key pressed, stopping explore.
You see here a +0 club.
You see here 3 stones.
You see here a +0 leather armour.
Key pressed, stopping explore.
You enter the shallow water.
Moving in this stuff is going to be slow.
Partly explored, can't reach some places.
As you read the scroll labelled JACEPN NOER, it crumbles to dust.
You feel aware of your surroundings.
It was a scroll of revelation.
Unknown command.
You enter the shallow water.
Moving in this stuff is going to be slow.
You see here a +0 leather armour.
You see here 3 stones.
There is an escape hatch in the floor here.
You slide downwards.
The hatch slams shut behind you.
The goblin shouts!
The frilled lizard hisses angrily.
You see here a book of Chaos.
There are monsters nearby!
There are monsters nearby!
Natasha hisses angrily.
The goblin misses you.
You punch the goblin!
You kill the goblin!
Natasha mumbles some strange words.
You have reached level 3!
Your experience leads to a dramatic increase in your attributes!
Increase (S)trength, (I)ntelligence, or (D)exterity?
You feel agile. x4 😎 HP[+5] MP[+1]
You now have 27 max hp (+5).
Your hp is fully restored (27).
Your mp is fully restored (5).
You see here a book of Chaos.
An endoplasm comes into view.
The frilled lizard hisses.
You hit the endoplasm. You hit the endoplasm.
You kill the endoplasm!
Unknown command.
The cerulean imp hits you from afar with a +2 spear.
The frilled lizard completely misses you. 😕 HP[-2]
You take 2 damage, and now have 25/27 hp.
You hit the frilled lizard but do no damage.
The cerulean imp hits you from afar with a +2 spear. 😕 HP[-1]
You take 1 damage, and now have 24/27 hp.
Unknown command.
You barely miss the frilled lizard. The frilled lizard closely misses you.
The cerulean imp barely misses you.
You hit the frilled lizard.
You kill the frilled lizard!
Unknown command.
The cerulean imp hits you with a +2 spear.
You see here a frilled lizard corpse. 😕 HP[-1]
You take 1 damage, and now have 23/27 hp.
Unknown command.
You barely miss the cerulean imp.
The cerulean imp hits you with a +2 spear. 😕 HP[-2]
You take 2 damage, and now have 21/27 hp.
You hit the cerulean imp. The cerulean imp misses you.
Natasha hisses.
Unknown command.
You punch the cerulean imp!
You kill the cerulean imp!
The cerulean imp disappears in a puff of smoke!
Natasha zaps a wand.
The puff of flame misses you.
Natasha stares at you and mumbles some strange words.
The magic dart hits you!
* * * LOW HITPOINT WARNING * * *
😨 HP[-9]
You take 9 damage, and now have 12/27 hp.
MASSIVE DAMAGE!! (PAUSE)
You hit Natasha.
Natasha stares at you and mumbles some strange words.
The magic dart hits you!
* * * LOW HITPOINT WARNING * * *
😱 HP[-7]
You take 7 damage, and now have 5/27 hp.
MASSIVE DAMAGE!! (PAUSE) It was a potion of brilliance.
You feel clever all of a sudden. Natasha closely misses you.
It was a potion of invisibility.
You fade into invisibility!
Natasha closely misses you.
You hit Natasha.
Natasha zaps a wand.
The puff of flame hits you.
You die...
Natasha begins licking her fur clean.

Skill      XL: |  1 |
---------------+----+-----
Unarmed Combat | 3 |  3.9
Fighting       | |  0.8
Dodging        | |  1.7
Shapeshifting  | |  2.6

Action                     || total
---------------------------++-------
  Melee: Unarmed           ||    97
         Punch             ||     2
    Use: Scroll            ||     1
         Potion            ||     2
   Stab: Sleeping          ||     1
 Armour: Animal skin       ||    49
  Dodge: Dodged            ||    65

Levels and vault maps discovered:
D:1:      kilobyte_arrival_exit_the_forest, layout_rooms,
          chequers_ecumenical_altar_grove
D:2:      layout_loops_ring, minmay_tetromino_l4, uniq_natasha

Notes
Turn   | Place    | Note
-------+----------+-------------------------------------------
     0 | D:1      | ytrimaz the Demigod Shapeshifter began the quest for the
                  | Orb.
     0 | D:1      | Reached XP level 1. HP: 15/15 MP: 3/3
     0 | D:1      | magus.rc [v1.9.6]
    98 | D:1      | You add the spells Sting, Mercury Vapours and Olgreb's
                  | Toxic Radiance to your library.
   114 | D:1      | Reached skill level 3 in Unarmed Combat
   266 | D:1      | Reached XP level 2. HP: 18/22 MP: 4/4
   351 | D:1      | HP: 4/22 [frozen (4)]
   637 | D:1      | You pick up a book of the Tundra and begin reading...
   637 | D:1      | You add the spells Hailstorm, Summon Ice Beast and Sculpt
                  | Simulacrum to your library.
   891 | D:2      | Noticed Natasha
   894 | D:2      | Reached XP level 3. HP: 27/27 MP: 5/5
   915 | D:2      | HP: 5/27 [Natasha/magic dart (8)]
   918 | D:2      | Killed from afar by Natasha

Vanquished Creatures
  A dart slug (D:1)
  3 ball pythons (D:1)
  2 bats (D:1)
  3 endoplasms
  A giant cockroach (D:1)
  6 goblins
  2 hobgoblins (D:1)
  A quokka (D:1)
  5 frilled lizards
  5 kobolds (D:1)
  5 rats (D:1)
34 creatures vanquished.

Table legend:
 A = Non-vault XP
 B = Vault XP
 C = Vault XP percentage of total XP
 D = Non-vault monster count
 E = Vault monster count
 F = Vault count percentage of total count
                 A         B        C        D         E       F
            +---------+---------+-------+---------+---------+-------
      Total |      51 |       0 |   0.0 |      34 |       0 |   0.0
            +---------+---------+-------+---------+---------+-------
        D:1 |      46 |       0 |   0.0 |      31 |       0 |   0.0
        D:2 |       5 |       0 |   0.0 |       3 |       0 |   0.0
            +---------+---------+-------+---------+---------+-------

Skill      XL: |  1 |
---------------+----+-----
Unarmed Combat | 3 |  3.9
Fighting       | |  0.8
Dodging        | |  1.7
Shapeshifting  | |  2.6

Action                     || total
---------------------------++-------
  Melee: Unarmed           ||    97
         Punch             ||     2
    Use: Scroll            ||     1
         Potion            ||     2
   Stab: Sleeping          ||     1
 Armour: Animal skin       ||    49
  Dodge: Dodged            ||    65

Illustrated notes

Table legend:
 A = Kills in this place as a percentage of kills in the entire game.
 B = Kills by you in this place as a percentage of kills by you in the entire game.
 C = Kills by friends in this place as a percentage of kills by friends in the entire game.
 D = Other kills in this place as a percentage of other kills in the entire game.
 E = Experience gained in this place as a percentage of experience gained in the entire game.
 F = Experience gained in this place divided by the number of levels of this place that you have seen.
                   A       B       C       D       E      F
               +-------+-------+-------+-------+-------+----------------------
         Total | 100.0 | 100.0 |   N/A |   N/A | 100.0 |  25.5
       Dungeon | 100.0 | 100.0 |   N/A |   N/A | 100.0 |  25.5
               +-------+-------+-------+-------+-------+----------------------

Table legend: (Time is in decaauts)
 A = Elapsed time spent in this place.
 B = Non-inter-level travel time spent in this place.
 C = Inter-level travel time spent in this place.
 D = Time resting spent in this place.
 E = Time spent auto-exploring this place.
 F = Levels seen in this place.
 G = Mean time per level.
                   A        B        C        D        E       F      G
               +--------+--------+--------+--------+--------+-----+--------+
         Total |    917 |    887 |     30 |      0 |    681 |   2 |  458.5 |
       Dungeon |    917 |    887 |     30 |      0 |    681 |   2 |  458.5 |
               +--------+--------+--------+--------+--------+-----+--------+

Top non-repeatable levels by time:
     D:1: 891 daAuts
     D:2: 26 daAuts
